 Dungeon Crawl Stone Soup version 0.26-b1-45-g23770d1d51 (webtiles) character file.

Game seed: 15593562507066697105

64 raceaflais the Chopper (level 3, -12/34 HPs)
             Began as a Minotaur Berserker on Jan 6, 2021.
             Was a Believer of Trog.
             Mangled by an ogre
             ... wielding a +0 giant club
              (25 damage)
             ... on level 2 of the Dungeon.
             The game lasted 00:01:51 (1518 turns).

raceaflais the Chopper (Minotaur Berserker)         Turns: 1518, Time: 00:01:52

Health: -12/34     AC:  2    Str: 22    XL:     3   Next: 91%
Magic:  2/2        EV: 12    Int:  4    God:    Trog [**....]
Gold:   107        SH:  0    Dex:  9    Spells: 2/2 levels left

rFire    . . .     SeeInvis .   a - +0 hand axe
rCold    . . .     Faith    .   (no shield)
rNeg     . . .     Spirit   .   b - +0 animal skin
rPois    .         Reflect  .   (helmet restricted)
rElec    .         Harm     .   (no cloak)
rCorr    .         Rampage  .   (no gloves)
Will     .....                  (no boots)
Stlth    +.........             (no amulet)
HPRegen  0.11/turn              (no ring)
MPRegen  0.08/turn              (no ring)

@: no status effects
A: retaliatory headbutt, horns 2
a: Renounce Religion, Berserk, Trog's Hand


You were on level 2 of the Dungeon.
You worshipped Trog.
Trog was pleased with you.
You visited 1 branch of the dungeon, and saw 2 of its levels.

You collected 107 gold pieces.

Inventory:

Hand Weapons
 a - a +0 hand axe (weapon)
Missiles
 e - a throwing net
 f - 110 stones
Armour
 b - a +0 animal skin (worn)
 c - a +0 pair of boots
 u - a +0 pair of gloves
Jewellery
 l - a +6 ring of intelligence {unknown}
 p - an uncursed ring of stealth {unknown}
 x - a +4 ring of evasion
Scrolls
 d - a scroll of fear {unknown}
 h - a scroll of immolation {unknown}
 i - a scroll of identify {unknown}
 k - 2 scrolls of magic mapping {unknown}
 q - a scroll of enchant armour {unknown}
 s - a scroll of random uselessness {unknown}
 t - a scroll of fog {unknown}
 w - a scroll of teleportation {unknown}
Potions
 g - 2 potions of cancellation {unknown}
 j - 2 potions of curing
 m - a potion of heal wounds {unknown}
 n - a potion of lignification {unknown}
 o - 2 potions of invisibility {unknown}
 r - a potion of attraction {unknown}
 v - a potion of mutation {unknown}


   Skills:
 + Level 4.4 Fighting
 + Level 4.7 Axes
 + Level 2.6 Armour
 + Level 2.8 Dodging


You had 2 spell levels left.
You didn't know any spells.
Your spell library was empty.

Dungeon Overview and Level Annotations

Branches:
Dungeon (2/15)

Altars:
Zin


Innate Abilities, Weirdness & Mutations

You reflexively headbutt those who attack you in melee.
You have a pair of horns on your head.


Message History

You closely miss the goblin. The ogre hits you with a +0 giant club!
* * * LOW HITPOINT WARNING * * *
The goblin barely misses you.
There are monsters nearby!
You are too injured to fight recklessly!
There are monsters nearby!
You are too injured to fight recklessly!
There are monsters nearby!
You are too injured to fight recklessly!
There are monsters nearby!
You are too injured to fight recklessly!
There are monsters nearby!
You are too injured to fight recklessly!
Okay, then.
Okay, then.
Okay, then.
It was a potion of curing.
You feel better.
The ogre hits you with a +0 giant club!!
Ouch! That really hurt!
You die...

# ## .#################
##.###... ............#
..>...... ...........#
#.#.#.w# #..>......##
##...#O#####...........
##..l.g@##.###..รท.....##
...###..#.#.##......).#
#..#....#............# #.
#.....#...##.###.##.# #.#
#.....##.###.###.##.##
#..###.....................
...........####.######.#...
...........# #.# #.####
#.#.......# #.# #.#


You could see an ogre, a dart slug, a leopard gecko and a goblin.

Vanquished Creatures
  3 adders (D:2)
  An ooze (D:1)
  A worm (D:2)
  A giant cockroach (D:1)
  6 goblins
  6 hobgoblins
  2 kobolds (D:2)
  A quokka (D:2)
  2 bats
  4 frilled lizards
  4 rats (D:2)
31 creatures vanquished.

Notes
Turn   | Place    | Note
-------+----------+-------------------------------------------
     0 | D:1      | raceaflais the Minotaur Berserker began the quest for the
                  | Orb.
     0 | D:1      | Reached XP level 1. HP: 19/19 MP: 0/0
   202 | D:1      | Reached XP level 2. HP: 27/27 MP: 1/1
   913 | D:2      | Reached XP level 3. HP: 33/33 MP: 2/2
  1264 | D:2      | Reached ** piety under Trog
  1440 | D:2      | Found a glowing silver altar of Zin.
  1512 | D:2      | Noticed an ogre
  1518 | D:2      | Mangled by an ogre

Illustrated notes

Levels and vault maps discovered:
D:1:      dpeg_arrival_tiny_f, layout_rooms
D:2:      layout_loops_ring, general_overflow_altar, grunt_decor_one_mirror,
          hangedman_decor_push

Skill      XL: |  1  2 |
---------------+-------+-----
Axes           | 4 |  4.7
Fighting       | 4 |  4.4
Armour         | |  2.6
Dodging        | |  2.8

Action                   || total
-------------------------++-------
Melee: Hand axe          ||    67
       Headbutt          ||    12
  Use: Potion            ||     1
 Stab: Sleeping          ||     1
Armor: Animal skin       ||    10
Dodge: Dodged            ||    42
